 Dungeon Crawl Stone Soup version 0.27.1-35-g4d5d836560 (webtiles) character file.

Game seed: 14887233068840534079

31 Iusername the Covered (level 3, -1/29 HPs)
             Began as a Human Fighter on Aug 22, 2022.
             Slain by a gnoll (14 damage)
             ... on level 2 of the Dungeon.
             The game lasted 00:02:14 (2801 turns).

Iusername the Covered (Human Fighter)               Turns: 2801, Time: 00:02:14

Health: -1/29      AC:  6    Str: 17    XL:     3   Next: 40%
Magic:  3/3        EV:  7    Int:  8    God:
Gold:   73         SH:  9    Dex: 12    Spells: 2/2 levels left

rFire    . . .     SeeInvis .   a - +0 long sword
rCold    . . .     Faith    .   c - +0 kite shield
rNeg     . . .     Spirit   .   b - +0 scale mail
rPois    .         Reflect  .   (no helmet)
rElec    .         Harm     .   (no cloak)
rCorr    .         Rampage  .   (no gloves)
Will     .....                  (no boots)
Stlth    ..........             (no amulet)
HPRegen  0.09/turn              (no ring)
MPRegen  0.08/turn              (no ring)

@: no status effects
A: no striking features
a: no special abilities


You were on level 2 of the Dungeon.
You visited 1 branch of the dungeon, and saw 2 of its levels.

You collected 73 gold pieces.

Inventory:

Hand Weapons
 a - a +0 long sword (weapon)
Armour
 b - a +0 scale mail (worn)
 c - a +0 kite shield (worn)
Scrolls
 e - 4 scrolls of identify {unknown}
 f - a scroll of vulnerability {unknown}
 g - a scroll of blinking {unknown}
 h - a scroll of enchant armour {unknown}
Potions
 d - a potion of might


   Skills:
 + Level 3.2 Fighting
 + Level 2.4 Long Blades
 + Level 3.3 Armour
 + Level 0.5 Dodging
 + Level 3.2 Shields


You had 2 spell levels left.
You didn't know any spells.
Your spell library was empty.

Dungeon Overview and Level Annotations

Branches:
Dungeon (2/15)

Altars:
Ru


Message History

A dart slug comes into view.
A dart slug is nearby!
The dart slug launches a dart at you.
The slug dart hits you but does no damage.
You slash the dart slug!
You kill the dart slug!
No target in view!
No target in view!
No target in view!
No target in view!
No target in view!
No target in view!
No target in view!
No target in view!
A gnoll and a kobold come into view.
The kobold shouts!
The gnoll shouts!
You hear a shout!
You see here a dart slug corpse.
A gnoll comes into view. It is wielding a +0 flail.
The gnoll shouts!
A gnoll comes into view. It is wielding a +0 halberd.
Found a stone staircase leading up.
The gnoll shouts!
The kobold hits you but does no damage.
You barely miss the kobold. The kobold hits you but does no damage.
You block the kobold's attack.
You closely miss the kobold. You block the kobold's attack.
You barely miss the kobold.
The kobold hits you with a +0 short sword.
The kobold hits you but does no damage.
You slash the kobold!
You kill the kobold!
You block the gnoll's attack.
You hit the gnoll but do no damage. You block the gnoll's attack.
The gnoll hits you from afar with a +0 halberd!
You slash the gnoll!
The gnoll is heavily wounded.
The gnoll closely misses you. You block the gnoll's attack.
The gnoll hits you with a +0 whip.
The gnoll hits you from afar with a +0 halberd!
You die...

#<# #.# #.# ### #.#
... .g. ..> #g# #.#
#g# # #.# #@# #
#.##.####.#.#
#.......†...###
.##...........#
+###+##.#.####.##.#
........#.# ...# #
........#.#.......
............._....#
........###.....###


You could see 3 gnolls.

Vanquished Creatures
  2 dart slugs
  4 ball pythons
  2 endoplasms
  3 goblins
  3 hobgoblins
  2 jackals (D:1)
  2 quokkas
  2 bats (D:2)
  4 kobolds
  A rat (D:2)
25 creatures vanquished.

Notes
Turn   | Place    | Note
-------+----------+-------------------------------------------
     0 | D:1      | Iusername the Human Fighter began the quest for the Orb.
     0 | D:1      | Reached XP level 1. HP: 18/18 MP: 1/1
   136 | D:1      | Found a faded altar of an unknown god.
   214 | D:1      | Reached XP level 2. HP: 24/24 MP: 2/2
  2229 | D:2      | Reached XP level 3. HP: 14/29 MP: 3/3
  2783 | D:2      | Found a sacrificial altar of Ru.
  2801 | D:2      | Slain by a gnoll

Illustrated notes

Levels and vault maps discovered:
D:1:      saegor_arrival_simple_e, layout_loops_ring,
          shapermc_ecumenical_altar_mp_urbaneastern, serial_bayou_lake_a
D:2:      layout_basic, basic_altar, uniq_robin

Action                   || total
-------------------------++-------
Melee: Long sword        ||   100
Armor: Scale mail        ||    79
Dodge: Dodged            ||    35
Block: Kite shield       ||    75
       Rpst.: Long sword ||     7
